 Dungeon Crawl Stone Soup version 0.24.0-125-gc4c63601f3 (webtiles) character file.

Game seed: 6863164437022125221, levelgen mode: deterministic

100348 Frank2 the Bludgeoner (level 15, -1/130 HPs)
             Began as a Demonspawn Gladiator on Mar 1, 2020.
             Was the Champion of Ru.
             Slain by a shock serpent (10 damage)
             ... on level 1 of the Snake Pit on Mar 2, 2020.
             The game lasted 01:17:57 (30204 turns).

Frank2 the Bludgeoner (Demonspawn Gladiator)       Turns: 30204, Time: 01:17:59

Health: -1/130     AC: 24    Str: 21    XL:     15   Next: 80%
Magic:  0/21       EV: 21    Int: 11    God:    Ru [******]
Gold:   2009       SH:  0    Dex: 27    Spells: 14/14 levels left

rFire    + . .     SeeInvis +   p - +5 morningstar of Saltpetre {crush, +Blink Str+4 Int+2 Stlth-}
rCold    . . .     Gourm    .   (no shield)
rNeg     . . .     Faith    .   C - +3 chain mail of Relativism {rPois Int+4 Stlth+}
rPois    +         Spirit   +   R - +1 hat of Rizuqiti {+Fly Str+2 Int-5 Dex+2}
rElec    .         Reflect  .   u - +1 cloak {rPois}
rCorr    .         Harm     .   (gloves unavailable)
MR       ++...                  d - +2 pair of boots
Stlth    ..........             v - amulet "Emeat" {Spirit Fragile +Inv SInv}
HPRegen  0.31/turn              B - +3 ring of evasion
MPRegen  0.17/turn              h - ring of protection from magic

@: agile, no potions
A: claws 3, thin metallic scales 2, fire resistance 1, low mp 1, powered by pain
1, robust 1, screaming 1, flame cloud immunity, inability to drink while
threatened, no stealth, hated by all, no air magic, no conjurations magic, no
necromancy magic, unskilled 1
a: Draw Out Power, Power Leap, Apocalypse, Renounce Religion, Evoke Blink, Evoke
Invisibility, Evoke Flight


You were on level 1 of the Snake Pit.
You worshipped Ru.
Ru was exalted by your worship.
You were very hungry.

You visited 5 branches of the dungeon, and saw 25 of its levels.
You also visited: Bailey and Gauntlet.

You collected 2449 gold pieces.
You spent 440 gold pieces at shops.

Inventory:

Hand Weapons
 p - the +5 morningstar of Saltpetre (weapon) {crush, +Blink Str+4 Int+2 Stlth-}
   (You found it on level 5 of the Dungeon)

   It inflicts extra damage upon your enemies.
   It affects your strength (+4).
   It affects your intelligence (+2).
   It lets you blink.
   It makes you less stealthy.
Armour
 a - +0 acid dragon scales
 d - a +2 pair of boots (worn)
 u - a +1 cloak of poison resistance (worn)
 C - the +3 chain mail of Relativism (worn) {rPois Int+4 Stlth+}
   (You found it on level 1 of the Lair of Beasts)

   It affects your intelligence (+4).
   It protects you from poison.
   It makes you more stealthy.
 R - the +1 hat of Rizuqiti (worn) {+Fly Str+2 Int-5 Dex+2}
   (You found it in a Gauntlet)

   It affects your strength (+2).
   It affects your intelligence (-5).
   It affects your dexterity (+2).
   It lets you fly.
 S - a +1 pair of gloves of dexterity
Jewellery
 h - a ring of protection from magic (right claw)
 i - an uncursed ring of poison resistance
 j - an uncursed ring of flight
 v - the amulet "Emeat" (around neck) {Spirit Fragile +Inv SInv}
   (You found it on level 6 of the Dungeon)

   [amulet of guardian spirit]

   It causes incoming damage to be split between your health and magic.
   It lets you see invisible.
   It lets you turn invisible.
   It will be destroyed if unequipped.
 y - an uncursed ring of protection from fire
 B - a +3 ring of evasion (left claw)
 E - a cursed ring of protection from cold
Wands
 c - a wand of scattershot (5)
 e - a wand of acid (3)
 g - a wand of iceblast (8)
 n - a wand of digging (3)
 x - a wand of clouds (4)
 P - a wand of flame (28)
 U - a wand of paralysis (10)
Scrolls
 l - 3 scrolls of fog
 o - a scroll of acquirement {unknown}
 q - a scroll of identify
 D - 6 scrolls of teleportation
 I - 5 scrolls of remove curse
 J - 3 scrolls of blinking
 L - 4 scrolls of enchant weapon
 M - a scroll of magic mapping
Potions
 b - 3 potions of mutation
 m - 5 potions of curing
 r - 3 potions of cancellation
 s - a potion of experience {unknown}
 z - 3 potions of might
 G - a potion of invisibility
 T - a potion of flight {unknown}
 W - 3 potions of haste
Miscellaneous
 k - a phial of floods
Comestibles
 f - 25 rations


   Skills:
 + Level 11.4 Fighting
 + Level 15.1 Maces & Flails
 - Level 1.5 Throwing
 + Level 9.9 Armour
 + Level 6.5 Dodging
 * Level 11.7 Evocations


You had 14 spell levels left.
You didn't know any spells.
Your spell library contained the following spells:

 Spells                   Type           Power        Failure   Level  Hunger
 Apportation              Tloc           #.....       93%         1    ##.....
 Corona                   Hex            #......      93%         1    ##.....
 Freeze                   Ice            #...         93%         1    ##.....
 Sandblast                Erth           #.....       93%         1    ##.....
 Blink                    Tloc           N/A          98%         2    ###....
 Ensorcelled Hibernation  Hex/Ice        #.....       98%         2    ###....
 Passwall                 Tmut/Erth      #.......     98%         2    ###....
 Shroud of Golubria       Chrm/Tloc      #.....       98%         2    ###....
 Slow                     Hex            #.......     98%         2    ###....
 Confuse                  Hex            #.......     100%        3    ####...
 Gell's Gravitas          Tloc           #.........   100%        3    ####...
 Inner Flame              Hex/Fire       #.......     100%        3    ####...
 Lesser Beckoning         Tloc           #.........   100%        3    ####...
 Ozocubu's Armour         Chrm/Ice       #.......     100%        3    ####...
 Teleport Other           Tloc           #.......     100%        3    ####...
 Tukima's Dance           Hex            #.......     100%        3    ####...
 Ice Form                 Ice/Tmut       #.......     100%        4    #####..
 Olgreb's Toxic Radiance  Pois           #.......     100%        4    #####..
 Passage of Golubria      Tloc           N/A          100%        4    #####..
 Petrify                  Tmut/Erth      #.......     100%        4    #####..
 Alistair's Intoxication  Tmut/Pois      #.......     100%        5    ######.
 Lee's Rapid Deconstruct  Erth           #.........   100%        5    ######.
 Invisibility             Hex            #.......     100%        6    #######
 Flame Tongue             Conj/Fire      Unusable     N/A         1    N/A
 Magic Dart               Conj           Unusable     N/A         1    N/A
 Shock                    Conj/Air       Unusable     N/A         1    N/A
 Sting                    Conj/Pois      Unusable     N/A         1    N/A
 Summon Butterflies       Summ           Unusable     N/A         1    N/A
 Call Imp                 Summ           Unusable     N/A         2    N/A
 Poisonous Vapours        Pois/Air       Unusable     N/A         2    N/A
 Swiftness                Chrm/Air       Unusable     N/A         2    N/A
 Throw Flame              Conj/Fire      Unusable     N/A         2    N/A
 Throw Frost              Conj/Ice       Unusable     N/A         2    N/A
 Conjure Flame            Conj/Fire      Unusable     N/A         3    N/A
 Dazzling Spray           Conj/Hex       Unusable     N/A         3    N/A
 Mephitic Cloud           Conj/Pois/Air  Unusable     N/A         3    N/A
 Static Discharge         Conj/Air       Unusable     N/A         3    N/A
 Stone Arrow              Conj/Erth      Unusable     N/A         3    N/A
 Airstrike                Air            Unusable     N/A         4    N/A
 Sticky Flame             Conj/Fire      Unusable     N/A         4    N/A
 Summon Ice Beast         Ice/Summ       Unusable     N/A         4    N/A
 Throw Icicle             Conj/Ice       Unusable     N/A         4    N/A
 Fireball                 Conj/Fire      Unusable     N/A         5    N/A
 Lightning Bolt           Conj/Air       Unusable     N/A         5    N/A
 Venom Bolt               Conj/Pois      Unusable     N/A         5    N/A
 Bolt of Cold             Conj/Ice       Unusable     N/A         6    N/A

Dungeon Overview and Level Annotations

Branches:
Dungeon (15/15)            Temple (1/1) D:6            Lair (6/6) D:10
  Swamp (0/4) Lair:2        Snake (1/4) Lair:2        Slime (0/5) Lair:5
    Orc (2/2) D:10            Elf (0/3) Orc:2        Vaults (0/5) D:13
 Bailey (visited)         Gauntlet (visited)
 Depths: D:15

Altars:
Ashenzari
Cheibriados
Dithmenos
Elyvilon
Fedhas
Gozag
Hepliaklqana
Kikubaaqudgha
Makhleb
Nemelex Xobeh
Okawaru
Qazlal
Ru
Sif Muna
Trog
Uskayaw
Vehumet
Wu Jian
Xom
Yredelemnul
Zin
The Shining One

Shops:
D:7 }   Orc:2 ![??


Innate Abilities, Weirdness & Mutations

You have claws for hands.
You are mostly covered in thin metallic scales. (AC +3)
Your flesh is heat resistant. (rF+)
Your magical capacity is low. (-10% MP)
You sometimes gain a little power by taking damage.
You are robust. (+10% HP)
You occasionally shout uncontrollably at your foes.
You are immune to clouds of flame.
You cannot drink potions while threatened.
You cannot be stealthy.
You are hated by all.
You cannot study or cast Air magic.
You cannot study or cast Conjurations magic.
You cannot study or cast Necromancy magic.
You are somewhat unskilled. (-1 Apt)


Message History

You bludgeon the naga sharpshooter!!
You kill the naga sharpshooter!
The shock serpent barely misses you.
You miss the shock serpent.
The shock serpent is stunned by your will and fails to attack.
You thump the shock serpent!
The shock serpent is heavily wounded.
The shock serpent's electric aura discharges, shocking you!
* * * LOW HITPOINT WARNING * * *
The shock serpent bites you.
* * * LOW HITPOINT WARNING * * *
The shock serpent shocks you!
* * * LOW HITPOINT WARNING * * *
You closely miss the shock serpent.
The shock serpent is heavily wounded.
The shock serpent bites you!
You feel threatened and lose the ability to drink potions!
* * * LOW HITPOINT WARNING * * *
The shock serpent shocks you!
You die...

####...## #.# ###.###.....
.8....## #.# ##...# #.....
.....## #.########.(..#
#..... .>.###
#(())).([)(...# #)....
####
#########.....###.....
#### ##.)(....##.....
#..###.......###.....
##.(#....(....###.....
##..#)@.(.......(#.....
##..#.)S(....(..........
#....)(((.......N.(.[...
#.#.....................#
#.##......^..).((.(##...##
###[.........((..###...##
........(...(.###....##
.........#...(###...###
.........#...##....##


You could see a shock serpent.

Vanquished Creatures
  Jorgrun (Orc:1)
  An orc warlord (Orc:1)
  A dire elephant (Lair:6)
  An ettin (D:10)
  A minotaur (Gauntlet)
  4 hydras
  2 naga warriors (Snake:1)
  7 vault guards (D:13)
  4 two-headed ogres
  A catoblepas (Lair:6)
  A deep troll shaman (Lair:6)
  5 anacondas (Snake:1)
  8 death yaks
  5 orc high priests (Orc:2)
  8 naga sharpshooters (Snake:1)
  A shock serpent (Snake:1)
  2 unseen horrors
  A naga ritualist (Snake:1)
  8 orc knights
  A mana viper (Snake:1)
  Pikel (D:4)
  8 ugly things
  2 deep elf magi
  An oklob plant (Lair:2)
  5 cyclopes
  10 black mambas
  A centaur zombie (D:14)
  Maurice (D:13)
  3 manticores
  3 naga magi (Snake:1)
  A rust devil (D:6)
  A salamander (Snake:1)
  An ice statue (Gauntlet)
  7 elephants
  9 spiny frogs
  5 centaur skeletons
  2 gargoyles
  2 kobold demonologists
  9 komodo dragons
  6 rime drakes
  An ice devil (D:6)
  A queen bee (D:12)
  3 polar bears
  7 trolls
  7 dream sheep
  3 slime creatures
  A tyrant leech (Gauntlet)
  3 hornets (Gauntlet)
  6 hippogriffs
  15 blink frogs
  2 shadows
  3 water elementals (D:12)
  A vampire (D:13)
  3 wyverns
  2 wraiths
  25 yaks
  4 basilisks
  4 hungry ghosts
  A steam dragon (D:12)
  2 wargs
  14 nagas
  3 swamp worms (Gauntlet)
  3 acid dragons
  5 insubstantial wisps (Lair:2)
  A soldier ant (D:13)
  4 porcupines
  7 water moccasins
  38 orc warriors
  8 black bears
  6 phantoms
  A slave (D:4)
  5 sky beasts
  12 ogres
  2 eyes of draining
  15 centaurs
  13 crocodiles
  22 wolves
  2 big kobolds
  18 bullfrogs
  A wyvern skeleton (D:12)
  6 scorpions
  22 killer bees
  6 wights
  4 howler monkeys
  4 electric eels
  A lava snake (D:14)
  10 crimson imps
  5 bullfrog zombies
  A quasit (D:5)
  6 hounds
  13 jellies
  28 orc priests
  2 bullfrog skeletons
  4 iguanas
  28 orc wizards
  21 worker ants
  4 hell rats
  A howler monkey zombie (D:10)
  8 gnolls
  A worker ant zombie (D:6)
  11 adders
  2 river rats (D:10)
  6 shadow imps
  13 oozes
  An adder zombie (D:6)
  3 worms
  A dart slug (D:1)
  9 leopard geckos
  80 orcs
  A ball python (D:5)
  8 giant cockroaches
  13 goblins
  17 hobgoblins
  20 jackals
  28 kobolds
  6 quokkas
  10 bats
  6 frilled lizards
  A jackal skeleton (D:5)
  6 rats
832 creatures vanquished.

Vanquished Creatures (others)
  A naga warrior (Snake:1)
  A spiny frog (Lair:5)
  A dream sheep (Lair:6)
  A slime creature (D:14)
  A yak (Lair:6)
  A naga (Snake:1)
  An orc warrior (Orc:1)
  A centaur (D:11)
  2 bullfrogs
  2 orcs
  A jackal (D:4)
  A kobold (D:13)
  7 fungi
  9 plants
30 creatures vanquished.

Grand Total: 862 creatures vanquished

Notes
Turn   | Place    | Note
-------+----------+-------------------------------------------
     0 | D:1      | Frank2 the Demonspawn Gladiator began the quest for the
                  | Orb.
     0 | D:1      | Reached XP level 1. HP: 16/16 MP: 1/1
   272 | D:1      | Gained mutation: You are partially covered in thin metallic
                  | scales. (AC +2) [demonic ancestry]
   272 | D:1      | Reached XP level 2. HP: 21/22 MP: 2/2
   373 | D:1      | Reached skill level 3 in Maces & Flails
   921 | D:1      | Gained mutation: You are mostly covered in thin metallic
                  | scales. (AC +3) [demonic ancestry]
   921 | D:1      | Reached XP level 3. HP: 27/27 MP: 3/3
  1569 | D:2      | Reached skill level 1 in Armour
  1583 | D:2      | Found a blossoming altar of Fedhas.
  1595 | D:2      | Gained mutation: Your flesh is heat resistant. (rF+)
                  | [demonic ancestry]
  1595 | D:2      | Reached XP level 4. HP: 34/34 MP: 4/4
  1761 | D:2      | Reached skill level 1 in Evocations
  2042 | D:3      | Gained mutation: You have sharp fingernails. [demonic
                  | ancestry]
  2042 | D:3      | Reached XP level 5. HP: 39/39 MP: 6/6
  2081 | D:3      | Reached skill level 4 in Maces & Flails
  2699 | D:4      | Noticed a phantom
  2702 | D:3      | Reached XP level 6. HP: 41/46 MP: 7/7
  2882 | D:4      | Noticed a slave
  2884 | D:4      | Noticed a slave
  2884 | D:4      | Noticed a slave
  2890 | D:4      | Noticed Pikel
  2896 | D:4      | Noticed a slave
  2901 | D:4      | Killed a slave
  2913 | D:4      | Killed Pikel
  2913 | D:4      | Reached skill level 5 in Maces & Flails
  2913 | D:4      | Reached XP level 7. HP: 37/52 MP: 7/9
  2995 | D:4      | Reached skill level 6 in Maces & Flails
  3122 | D:4      | Gained mutation: You sometimes gain a little power by
                  | taking damage. [demonic ancestry]
  3122 | D:4      | Reached XP level 8. HP: 60/60 MP: 10/10
  3439 | D:5      | Entered Level 5 of the Dungeon
  3901 | D:5      | Reached skill level 7 in Maces & Flails
  4278 | D:5      | Found an iron altar of Okawaru.
  4805 | D:6      | Reached XP level 9. HP: 59/66 MP: 12/12
  4847 | D:6      | Reached skill level 5 in Evocations
  4864 | D:6      | Found a shimmering altar of Xom.
  5363 | D:6      | Found a staircase to the Ecumenical Temple.
  5376 | Temple   | Entered the Ecumenical Temple
  5580 | D:6      | Got a pitted leather armour
  5588 | D:6      | Got a slimy emerald amulet
  5630 | D:5      | Noticed a rust devil
  5630 | D:5      | Noticed a rust devil
  5632 | D:5      | Reached skill level 8 in Maces & Flails
  5842 | D:6      | Noticed an ice devil
  5842 | D:6      | a rust devil changed into an ice devil
  6099 | D:5      | Got a polished morningstar
  6128 | D:5      | Identified the +5 morningstar of Saltpetre {crush, +Blink
                  | Str+4 Int+2 Stlth-} (You found it on level 5 of the
                  | Dungeon)
  6325 | D:7      | Reached skill level 5 in Fighting
  6325 | D:7      | Reached skill level 5 in Dodging
  6579 | D:7      | Found Coso's Gadget Boutique.
  7132 | D:8      | Found a glowing silver altar of Zin.
  7220 | D:8      | Found a flagged portal.
  7235 | Bailey   | Entered a bailey
  7256 | Bailey   | Identified the amulet "Emeat" {Spirit Fragile +Inv SInv}
                  | (You found it on level 6 of the Dungeon)
  7414 | Bailey   | Reached skill level 9 in Maces & Flails
  7478 | Bailey   | Reached XP level 10. HP: 53/74 MP: 11/14
  8714 | D:9      | Reached skill level 5 in Armour
  8745 | D:9      | Noticed a purple ugly thing
  8751 | D:9      | Killed a purple ugly thing
  8972 | D:9      | Reached skill level 10 in Maces & Flails
  9349 | D:6      | Killed a rust devil
  9409 | D:6      | Found a shimmering blue altar of Sif Muna.
  9412 | D:6      | Found a sacrificial altar of Ru.
  9416 | D:6      | Became a worshipper of Ru the Awakened
  9422 | D:6      | Found a shattered altar of Ashenzari.
  9432 | D:6      | Found a glowing golden altar of the Shining One.
  9684 | D:10     | Entered Level 10 of the Dungeon
  9697 | D:10     | Noticed a death yak
  9697 | D:10     | Noticed a death yak
  9705 | D:10     | Noticed a death yak
  9720 | D:9      | Killed a death yak
 10011 | D:9      | Killed a death yak
 10011 | D:9      | Gained mutation: You are immune to clouds of flame.
                  | [demonic ancestry]
 10011 | D:9      | Reached XP level 11. HP: 42/83 MP: 7/16
 10307 | D:10     | Found a staircase to the Orcish Mines.
 10879 | D:10     | Killed a death yak
 10879 | D:10     | Reached skill level 11 in Maces & Flails
 10942 | D:10     | Gained mutation: You cannot study or cast Air magic. [Ru
                  | sacrifice]
 10942 | D:10     | Gained mutation: You cannot study or cast Necromancy magic.
                  | [Ru sacrifice]
 10942 | D:10     | Gained mutation: You cannot study or cast Conjurations
                  | magic. [Ru sacrifice]
 10942 | D:10     | Reached * piety under Ru
 10999 | D:10     | Found a staircase to the Lair.
 11606 | Orc:1    | Entered Level 1 of the Orcish Mines
 11606 | Orc:1    | Noticed an ettin
 11636 | Lair:1   | Entered Level 1 of the Lair of Beasts
 11777 | Lair:1   | Got a brightly glowing chain mail
 11779 | Lair:1   | Identified the cursed +0 leather armour "Hewyraunn"
                  | {Slay+3} (You found it on level 6 of the Dungeon)
 11781 | Lair:1   | Identified the +3 chain mail of Relativism {rPois Int+4
                  | Stlth+} (You found it on level 1 of the Lair of Beasts)
 12893 | Lair:2   | Found a staircase to the Snake Pit.
 12894 | Lair:2   | Found a staircase to the Swamp.
 13209 | Lair:2   | Gained mutation: Your magical capacity is low. (-10% MP)
                  | [Ru sacrifice]
 13331 | Lair:2   | Noticed an oklob plant
 13400 | Lair:2   | Killed an oklob plant
 13400 | Lair:2   | Gained mutation: You are robust. (+10% HP) [demonic
                  | ancestry]
 13400 | Lair:2   | Reached XP level 12. HP: 41/101 MP: 8/16
 13847 | Lair:2   | Reached skill level 12 in Maces & Flails
 14920 | Lair:3   | Noticed a five-headed hydra
 14924 | Lair:3   | Killed a five-headed hydra
 14962 | Lair:3   | Gained mutation: You cannot be stealthy. [Ru sacrifice]
 14962 | Lair:3   | Reached ** piety under Ru
 15764 | Lair:4   | Reached skill level 13 in Maces & Flails
 16817 | Lair:5   | Found a staircase to the Slime Pits.
 16914 | Lair:5   | Gained mutation: You have very sharp fingernails. [demonic
                  | ancestry]
 16914 | Lair:5   | Reached XP level 13. HP: 101/111 MP: 15/18
 17181 | Lair:6   | Entered Level 6 of the Lair of Beasts
 17711 | D:10     | Killed an ettin
 17731 | D:10     | Gained mutation: You are hated by all. [Ru sacrifice]
 17731 | D:10     | Reached *** piety under Ru
 18170 | D:11     | Found a huge runed translucent gate.
 18170 | D:11     | Found a huge runed translucent gate.
 18171 | D:11     | Found a huge runed translucent gate.
 18172 | D:11     | Found a huge runed translucent gate.
 18176 | D:11     | Reached skill level 10 in Evocations
 18955 | D:12     | Reached skill level 10 in Fighting
 19099 | D:12     | Reached skill level 14 in Maces & Flails
 19282 | Orc:1    | Noticed Jorgrun
 19289 | Orc:1    | Noticed an orc warlord
 19293 | Orc:1    | Killed Jorgrun
 19624 | Orc:1    | Killed an orc warlord
 20015 | Orc:2    | Entered Level 2 of the Orcish Mines
 20032 | Orc:2    | Gained mutation: You occasionally shout uncontrollably at
                  | your foes. [Ru sacrifice]
 20032 | Orc:2    | Reached **** piety under Ru
 20210 | Orc:2    | Found a staircase to the Elven Halls.
 20957 | Orc:2    | Reached XP level 14. HP: 78/122 MP: 15/19
 23200 | Orc:2    | Gained mutation: You are somewhat unskilled. (-1 Apt) [Ru
                  | sacrifice]
 23200 | Orc:2    | Reduced skill Fighting to level 10
 23200 | Orc:2    | Reduced skill Maces & Flails to level 13
 23200 | Orc:2    | Reduced skill Evocations to level 10
 23200 | Orc:2    | Reached ***** piety under Ru
 23291 | Orc:2    | Reached skill level 14 in Maces & Flails
 24187 | Orc:2    | Found Kavam's Distillery.
 24190 | Orc:2    | Found Oherep's Magic Scroll Boutique.
 24191 | Orc:2    | Found Jytupom's Magic Scroll Boutique.
 24192 | Orc:2    | Found Qoageph's Armour Shop.
 24195 | Orc:2    | Bought a scroll of enchant armour for 112 gold pieces
 24198 | Orc:2    | Bought a +0 pair of gloves of dexterity for 172 gold pieces
 24199 | Orc:2    | Bought a potion of might for 52 gold pieces
 24199 | Orc:2    | Bought a potion of invisibility for 104 gold pieces
 25145 | D:13     | Noticed Maurice
 25154 | D:13     | Killed Maurice
 25159 | D:13     | Identified Sogug's Compendium of Congealing Poison
 25335 | D:14     | Found a shattered altar of Ashenzari.
 25454 | D:14     | Found a gate leading to a gauntlet.
 25458 | Gauntlet | Entered a Gauntlet
 25458 | Gauntlet | Found a transporter.
 25458 | Gauntlet | Found a transporter.
 25458 | Gauntlet | Found a runed translucent gate.
 25667 | Gauntlet | Found a transporter.
 25670 | Gauntlet | Found a transporter.
 25681 | Gauntlet | Found a transporter.
 25682 | Gauntlet | Found a transporter.
 25685 | Gauntlet | Noticed a reaper
 25691 | Gauntlet | Found a transporter.
 25706 | Gauntlet | Found a transporter.
 25720 | Gauntlet | Found a transporter.
 25724 | Gauntlet | Found a transporter.
 25732 | Gauntlet | Found a transporter.
 25736 | Gauntlet | Found a transporter.
 25738 | Gauntlet | Found a runed translucent gate.
 25738 | Gauntlet | Found a runed translucent gate.
 26111 | Gauntlet | Gained mutation: You have claws for hands. [demonic
                  | ancestry]
 26111 | Gauntlet | Reached XP level 15. HP: 128/128 MP: 18/20
 26257 | Gauntlet | Got a jewelled hat
 26283 | Gauntlet | Identified the +1 hat of Rizuqiti {+Fly Str+2 Int-5 Dex+2}
                  | (You found it in a Gauntlet)
 26448 | Gauntlet | Identified the ring "Zunier" {*Tele +Inv MR+ MP+9 Int-5}
 26943 | D:13     | Found a gate to the Vaults.
 28408 | D:15     | Entered Level 15 of the Dungeon
 28540 | Snake:1  | Entered Level 1 of the Snake Pit
 28709 | Snake:1  | Gained mutation: You cannot drink potions while threatened.
                  | [Ru sacrifice]
 28709 | Snake:1  | Reached ****** piety under Ru
 29311 | Snake:1  | Reached skill level 15 in Maces & Flails
 30204 | Snake:1  | Slain by a shock serpent

Levels and vault maps discovered:
D:1:      shiori_arrival_oz, layout_loops_corners, glass_columns_c, minivault_5
D:2:      layout_rooms, fedhas_altar_3
D:3:      wad_lake_hut, layout_loops_ring, first_ration
D:4:      layout_loops_cross, uniq_pikel
D:5:      cheibrodos_iron_armory, layout_basic, okawaru_altar_gauntlet_db,
          serial_glass, glass_columns_b, glass_columns_a
D:6:      layout_rooms, grunt_temple_overflow_cloverleaf,
          minmay_temple_entry_slanted, xom_confusion_cloud
D:7:      layout_basic, serial_shops, shop
D:8:      layout_basic, enter_bailey_1, basic_altar
D:9:      layout_loops_ring
D:10:     layout_gridville, dpeg_lair_monsters, orc_0_dummy
D:11:     lemuel_bear_cage, layout_rooms
D:12:     layout_big_octagon, david_nohive_1
D:13:     layout_basic, erik_vaults_2, minmay_unpleasant_kobolds, uniq_maurice
D:14:     hangedman_cross_stitches, layout_gridville, gauntlet_entry_generic,
          ashenzari_altar_1, nicolae_lava_and_water
D:15:     hangedman_depths_entry_try_elsewhere_first, layout_rooms,
          dk_noncrumbling_4
Temple:   eino_temple_scatter_basement
Lair:1:   layout_loops_ring, beast_lair_carwin_1, serial_bayou_shore_b,
          infiniplex_staircase_pool_2
Lair:2:   lemuel_slime, layout_cave_pods, minmay_swamp_entry_wisps,
          minmay_snake_entry_guardpost_small
Lair:3:   layout_cave_pods, grunt_megastairs_2
Lair:4:   layout_roguey, portal_ice_cave_entry_pillars_2,
          small_statue_intersection, lemuel_fruit_tree
Lair:5:   layout_cave_shapes, slime_dummy, serial_bayou_lagoon_a
Lair:6:   grunt_lair_end_beastmaster, layout_misc_corridors,
          serial_bayou_shore_a, infiniplex_staircase_pool
Snake:1:  layout_onion_interference, grunt_megastairs_5
Orc:1:    layout_caves, uniq_jorgrun
Orc:2:    st_orc_pillars, layout_caves

Skill      XL: |  1  2  3  4  5  6  7  8  9 10 11 12 13 14 15 |
---------------+----------------------------------------------+-----
Dodging        | 3 4 5 6 |  6.5
Maces & Flails | 3 4 5 6 7 9 10 11 13 14 14 15 | 15.1
Armour         | 1 2 3 4 5 6 7 8 9 |  9.9
Evocations     | 1 2 3 4 6 7 8 9 10 10 11 | 11.7
Fighting       | 3 4 5 6 7 9 10 10 11 | 11.4
Throwing       | |  1.5

Action                   |  1- 3 |  4- 6 |  7- 9 | 10-12 | 13-15 || total
-------------------------+-------+-------+-------+-------+-------++-------
Melee: Flail             |   136 |   144 |       |       |       ||   280
       Morningstar       |       |    76 |   421 |   814 |  1604 ||  2915
Throw: Throwing net      |       |       |     4 |       |       ||     4
Invok: Sacrifice Essence |       |       |       |     1 |       ||     1
       Sacrifice Arcana  |       |       |       |     1 |       ||     1
       Sacrifice Stealth |       |       |       |     1 |       ||     1
       Sacrifice Purity  |       |       |       |       |     1 ||     1
       Sacrifice Love    |       |       |       |       |     1 ||     1
       Sacrifice Skill   |       |       |       |       |     1 ||     1
       Sacrifice Drink   |       |       |       |       |     1 ||     1
 Abil: Evoke Flight      |       |       |     1 |     1 |       ||     2
Evoke: Wand              |       |       |     8 |     9 |    14 ||    31
  Use: Scroll            |     5 |     4 |     7 |    12 |    19 ||    47
       Potion            |       |     2 |     5 |       |     9 ||    16
 Stab: Held in net/web   |       |       |     2 |       |       ||     2
       Distracted        |       |       |     1 |     3 |    17 ||    21
       Confused          |       |       |     3 |       |       ||     3
       Invisible         |       |       |       |       |    30 ||    30
       Paralysed         |       |       |       |       |     5 ||     5
  Eat: Chunk             |     2 |     5 |    12 |    22 |    40 ||    81
       Ration            |       |       |     1 |     3 |     2 ||     6
Armor: Leather armour    |    15 |       |       |       |       ||    15
       Ring mail         |    42 |   115 |   174 |   162 |       ||   493
       Chain mail        |       |       |       |   159 |   640 ||   799
Dodge: Dodged            |   117 |   146 |   385 |   576 |  1083 ||  2307
